 Dungeon Crawl Stone Soup version 0.31-a0-486-g8d68a81214 (webtiles) character file.

Game seed: 13213544888024837119

54067 bchevrier the Severer (level 14, -2/105 HPs)
             Began as a Hill Orc Fighter on Aug 4, 2023.
             Was a High Priest of Hepliaklqana.
             Slain by an Executioner (18 damage)
             ... on level 3 of the Abyss on Aug 7, 2023.
             The game lasted 01:25:30 (13567 turns).

bchevrier the Severer (Hill Orc Fighter)           Turns: 13567, Time: 01:25:31

Health: -2/105     AC: 17    Str: 23 (24) XL:     14   Next: 71%
Magic:  0/14       EV: 11    Int:  6 (8)  God:    Hepliaklqana [*****.]
Gold:   1055       SH: 14    Dex: 14      Spells: 15/16 levels left

rFire   . . .        q - +9 war axe of Indomitability {vamp, rC++ rCorr Dex-4}
rCold   + + +        j - +2 kite shield {rC+}
rNeg    + . .        x - +0 scale mail "Arom" {Regen+ Str+2 SInv}
rPois   .            i - +2 helmet
rElec   .            l - +1 cloak
rCorr   +            E - +0 pair of gloves
SInv    +            S - +2 pair of boots of the Journeyman {rN+ Dex+2}
Will    +....        W - amulet of guardian spirit
Stlth   +            a - ring of protection from cold
HPRegen 0.00/turn    m - +6 ring of dexterity
MPRegen 0.14/turn

%: random rage (3%), guardian spirit
@: on berserk cooldown, sick, slowed, unable to read, unable to drink, very slow
A: reduced essence, claws 1, talons 1, berserk 1, [deformed body], [frail 1],
[low MP 1], ([teleportitis 1]), [weak 1], [inability to drink after injury 2],
[inability to read after injury 1]
a: Renounce Religion, Recall Ancestor, Ancestor Identity, Transference, Idealise


You were on level 3 of the Abyss.
You worshipped Hepliaklqana.
Hepliaklqana was extremely pleased with you.
You visited 2 branches of the dungeon, and saw 16 of its levels.
You visited the Abyss 1 time.

You collected 1165 gold pieces.
You spent 110 gold pieces at shops.

Inventory:

Hand Weapons
 b - a +4 short sword of draining
 e - the +4 falchion of Honour {freeze, Str+4}
   (You found it on level 14 of the Dungeon)

   Str:       It affects your strength (+4).
 q - the +9 war axe of Indomitability (weapon) {vamp, rC++ rCorr Dex-4}
   (You acquired it on level 3 of the Dungeon)

   Dex:       It affects your dexterity (-4).
   rC:        It greatly protects you from cold.
   rCorr:     It protects you from acid and corrosion.
 u - the +5 lajatang of a Gauntlet {spect, rF- rC- Int+3 Dex+7}
   (You found it on level 5 of the Dungeon)

   Int:       It affects your intelligence (+3).
   Dex:       It affects your dexterity (+7).
   rF:        It makes you vulnerable to fire.
   rC:        It makes you vulnerable to cold.
 K - a +5 mace of protection
 N - a +5 spear
 R - the +5 mace of Wen Ome {freeze, Will- Int+7}
   (You found it on level 14 of the Dungeon)

   Int:       It affects your intelligence (+7).
   Will:      It decreases your willpower.
Missiles
 o - 19 poisoned darts
Armour
 i - a +2 helmet (worn)
 j - a +2 kite shield of cold resistance (worn)
 l - a +1 cloak (worn)
 x - the +0 scale mail "Arom" (worn) {Regen+ Str+2 SInv}
   (You found it on level 2 of the Dungeon)

   Str:       It affects your strength (+2).
   SInv:      It lets you see invisible.
   Regen:     It increases your rate of health regeneration.
 A - a scarf of invisibility
 E - a +0 pair of gloves (worn)
 S - the +2 pair of boots of the Journeyman (worn) {rN+ Dex+2}
   (You found it on level 15 of the Dungeon)

   Dex:       It affects your dexterity (+2).
   rN:        It protects you from negative energy.
Magical Staves
 M - a staff of fire
Jewellery
 a - a ring of protection from cold (left hand)
 c - an amulet of regeneration
 m - a +6 ring of dexterity (right hand)
 z - a ring of protection from fire
 I - a ring of ice
 U - an amulet of faith
 W - an amulet of guardian spirit (around neck)
 X - a ring of positive energy
Talismans
 r - a blade talisman
 y - a beast talisman
Wands
 s - a wand of iceblast (17)
 C - a wand of quicksilver (2)
 T - a wand of paralysis (6)
 Y - a wand of flame (9)
 Z - a wand of mindburst (3)
Scrolls
 g - a scroll of fog
 k - 2 scrolls of teleportation
 n - a scroll of revelation
 t - a scroll of blinking
 v - a scroll of enchant weapon
 D - 2 scrolls of fear
 F - 4 scrolls of poison
 G - 5 scrolls of noise
 L - a scroll of amnesia
Potions
 d - 2 potions of might
 f - a potion of heal wounds (quivered)
 p - 2 potions of mutation
 w - 4 potions of curing
 B - 3 potions of brilliance
 J - 2 potions of lignification
 O - a potion of enlightenment
 P - a potion of haste


   Skills:
 + Level 14.1 Fighting
 + Level 2.0 Short Blades
 + Level 18.4(18.7) Axes
 + Level 4.8(11.3) Maces & Flails
 + Level 3.4 Throwing
 + Level 11.3 Armour
 + Level 5.2 Dodging
 + Level 3.5 Stealth
 + Level 11.6 Shields
 + Level 1.6 Spellcasting
 + Level 1.4 Translocations
 + Level 1.4 Invocations
 + Level 2.7 Evocations


You had 15 spell levels left.
You knew the following spells:

 Your Spells              Type           Power      Damage    Failure   Level
a - Apportation           Tloc           4%         N/A       63%         1

Your spell library contained the following spells:

 Spells                   Type           Power      Damage    Failure   Level
 Slow                     Hex            0%         N/A       83%         1
 Ensorcelled Hibernation  Hex/Ice        0%         N/A       93%         2
 Passwall                 Tmut/Erth      0%         N/A       93%         2
 Sublimation of Blood     Necr           0%         N/A       93%         2
 Gell's Gravitas          Tloc           2%         N/A       94%         3
 Teleport Other           Tloc           2%         N/A       94%         3
 Vhi's Electric Charge    Tloc/Air       2%         N/A       98%         3
 Confusing Touch          Hex            0%         N/A       99%         3
 Dazzling Flash           Conj/Hex       0%         N/A       99%         3
 Swiftness                Air            0%         N/A       99%         3
 Vampiric Draining        Necr           0%         2d6       99%         3
 Anguish                  Hex/Necr       0%         N/A       100%        4
 Cause Fear               Hex            0%         N/A       100%        4
 Petrify                  Tmut/Erth      0%         N/A       100%        4
 Agony                    Necr           0%         N/A       100%        5
 Arcjolt                  Conj/Air       0%         1d10      100%        5
 Irradiate                Conj/Tmut      0%         3d11      100%        5
 Silence                  Hex/Air        0%         N/A       100%        5
 Dispersal                Tloc           1%         N/A       100%        6
 Enfeeble                 Hex            0%         N/A       100%        7
 Maxwell's Capacitive Co  Air            0%         ∞         100%        8
 Fire Storm               Conj/Fire      0%         5d1       100%        9


Dungeon Overview and Level Annotations

Branches:
Dungeon (15/15)            Temple (0/1) D:5            Lair (1/5) D:10
    Orc (0/2) D:11         Vaults (0/5) D:13
 Depths: D:15

Altars:
Ashenzari
Dithmenos
Elyvilon
Hepliaklqana
Kikubaaqudgha
Okawaru
Ru
Uskayaw
Vehumet
Wu Jian
Xom
The Shining One
Beogh

Shops:
D:3 ?(   D:14 ((

Annotations:
D:13 exclusion: ice statue
D:14 2 transporters, Nanner's ghost, weakling FoFi
D:15 Louise


Innate Abilities, Weirdness & Mutations

Your life essence is reduced to manifest your ancestor. (-10% HP)
You have sharp fingernails.
You have sharp toenails.
You sometimes lose your temper in combat.
[Armour fits poorly on your strangely shaped body.]
[You are frail. (-10% HP)]
[Your magical capacity is low. (-10% MP)]
[((You are occasionally teleported next to monsters.))]
[You are weak. (Str -2)]
[You sometimes lose the ability to drink potions when taking damage.]
[You occasionally lose the ability to read scrolls when taking damage.]


Message History

You slash the Executioner!
The Executioner is heavily wounded.
The Executioner closely misses you.
The Executioner hits you but does no damage. x3
You block the Executioner's attack. The Executioner hits you.
The Executioner hits you but does no damage.
The Executioner closely misses you. You block the Executioner's attack.
A chorus of shrieks assaults your mind.
The snapping turtle bites you from afar!
The Executioner hits you but does no damage. x2
You block the Executioner's attack.
You slice the Executioner!!
The Executioner is almost dead.
The manticore disappears in a puff of smoke!
The merfolk aquamancer disappears in a puff of smoke!
The Executioner hits you! The Executioner barely misses you.
The Executioner hits you but does no damage. x4
You block the Executioner's attack. x2; The Executioner hits you.
The snapping turtle bites you from afar!!
You feel threatened and lose the ability to read scrolls!
You feel threatened and lose the ability to drink potions!
The worldbinder calls forth creatures from the Shoals!
The Executioner barely misses you. You block the Executioner's attack.
The Executioner completely misses you.
You barely miss the Executioner.
The Executioner is severely wounded.
You hit the snapping turtle but do no damage.
The snapping turtle disappears in a puff of smoke!
The Executioner hits you but does no damage.
The Executioner closely misses you.
The Executioner hits you but does no damage.
The Executioner hits you! The Executioner hits you.
You block the Executioner's attack. The Executioner hits you!!
* * * LOW HITPOINT WARNING * * *
The Executioner closely misses you. The Executioner hits you.
* * * LOW HITPOINT WARNING * * *
Unknown command.
There are monsters nearby!
The Executioner hits you!!
You die...

### '###
#...# . . #
.....# .. #
#..##
#.###.#.#
.∩####.......
#... . ....##
# .
######...# #.
#...# . .
#...# .h
#@t§# ##
#1#X# # #x#.#
XX#.# 3X...
.(.. . ..##
...


You could see 3 starcursed masses, a tentacled starspawn, an Executioner (fast),
a snapping turtle (summoned), a worldbinder and a sixfirhy.

Vanquished Creatures
  Snorg (D:12)
  A vault guard (D:13)
  5 centaur warriors
  6 death yaks (D:10)
  2 two-headed ogres (D:11)
  A hell hog (Abyss:2)
  3 thrashing horrors
  Sonja (D:13)
  The ghost of wormstring the Insei, a novice OpSh of Gozag (D:8)
  A steelbarb worm (shapeshifter) (D:14)
  A deep elf pyromancer (D:12)
  2 manticores
  13 ugly things
  2 cyclopes
  A smoke demon (Abyss:2)
  2 gargoyles (D:11)
  2 unseen horrors
  2 freezing wraiths
  An efreet (D:14)
  A komodo dragon (Lair:1)
  A yaktaur (D:14)
  4 trolls
  A hellwing (Abyss:2)
  A hornet (D:10)
  2 blink frogs (Lair:1)
  A raiju (Abyss:3)
  A dream sheep (Lair:1)
  A spriggan (shapeshifter) (Abyss:2)
  6 slime creatures
  2 vampires
  A spriggan (Lair:1)
  A wraith (Abyss:2)
  4 fire bats (Abyss:3)
  5 golden eyes (Abyss:2)
  8 humans (D:13)
  3 steam dragons
  A neqoxec (Abyss:3)
  4 vampire mosquitoes
  21 yaks
  3 small abominations
  2 acid dragons
  2 water moccasins
  7 large abominations
  7 orc warriors
  An ice beast (D:7)
  A sky beast (D:7)
  2 black bears
  3 wolves (Lair:1)
  2 ogres
  7 starcursed masses
  8 centaurs
  A phantom (D:5)
  4 bullfrogs
  4 scorpions
  2 gnoll sergeants
  2 wights (D:8)
  5 killer bees (D:8)
  3 howler monkeys
  4 jellies
  2 gnoll boudas
  4 orc priests
  A hound (D:5)
  An iron imp (Abyss:2)
  3 iguanas
  Ijyb (D:4)
  3 orc wizards
  2 sleepcaps
  Natasha (thrice) (D:4)
  2 adders (D:5)
  24 gnolls
  A shadow imp (D:6)
  2 white imps
  2 ufetubi
  2 worms
  A dart slug (D:3)
  41 orcs
  An endoplasm (D:1)
  5 giant cockroaches
  3 goblins
  7 hobgoblins
  8 jackals
  10 kobolds
  3 quokkas
  6 ball pythons
  5 bats
  A frilled lizard (D:1)
  5 rats
336 creatures vanquished.

Vanquished Creatures (collateral kills)
  A vault guard (D:13)
  2 centaur warriors (D:13)
  3 boulder beetles
  A two-headed ogre (D:9)
  A dancing weapon (D:8)
  A death yak (D:10)
  A wretched star (Abyss:3)
  An orc knight (D:11)
  2 ugly things
  A worldbinder (Abyss:2)
  A cane toad (Lair:1)
  2 komodo dragons
  An ancient zyme (Abyss:3)
  3 trolls
  4 dream sheep (Lair:1)
  A blink frog (Lair:1)
  A slime creature (D:13)
  A shadow (D:10)
  A wyvern (Lair:1)
  A spriggan (Lair:1)
  A naga simulacrum (Abyss:3)
  3 yaks
  A fire bat (Abyss:3)
  A human (D:13)
  3 vampire mosquitoes
  A black bear (Lair:1)
  2 orc warriors (D:11)
  3 wolves (Lair:1)
  A centaur (D:13)
  A gnoll sergeant (D:10)
  A bullfrog (Lair:1)
  A wight (D:8)
  A howler monkey (D:10)
  3 starcursed masses (Abyss:2)
  2 orc priests
  3 orc wizards
  4 gnolls
  6 orcs
68 creatures vanquished.

Vanquished Creatures (others)
  A vault guard (D:13)
  A human (D:10)
  7 battlemagi
  An orc wizard (D:4)
  2 ancestors (D:7)
  2 gnolls
  2 starspawn tentacles (Abyss:3)
16 creatures vanquished.

Grand Total: 420 creatures vanquished

Notes
Turn   | Place    | Note
-------+----------+-------------------------------------------
     0 | D:1      | bchevrier the Hill Orc Fighter began the quest for the Orb.
     0 | D:1      | Reached XP level 1. HP: 19/19 MP: 1/1
   130 | D:1      | Reached XP level 2. HP: 27/27 MP: 2/2
   687 | D:1      | Reached XP level 3. HP: 33/33 MP: 3/3
  1080 | D:2      | Identified the +0 scale mail "Arom" {Regen+ Str+2 SInv}
  1323 | D:2      | Found a faded altar of an unknown god.
  1336 | D:2      | Reached XP level 4. HP: 40/40 MP: 4/4
  1380 | D:2      | Found a shadowy altar of Dithmenos.
  1631 | D:3      | Found Oziweidyiz's Magic Scroll Boutique.
  1657 | D:3      | Found an iron altar of Okawaru.
  1680 | D:3      | You fall into a shaft and drop 3 floors!
  1681 | D:6      | Noticed a phantom
  1693 | D:5      | Entered Level 5 of the Dungeon
  1712 | D:5      | Killed a phantom
  1713 | D:5      | Reached XP level 5. HP: 46/46 MP: 5/5
  1840 | D:4      | Reached XP level 6. HP: 35/52 MP: 6/6
  1928 | D:3      | Found a glowing golden altar of the Shining One.
  1930 | D:3      | Found a faded altar of an unknown god.
  2059 | D:4      | Noticed Ijyb
  2098 | D:4      | Killed Ijyb
  2099 | D:4      | Reached skill level 1 in Short Blades
  2144 | D:3      | Gained mutation: You have sharp toenails. [potion of
                  | mutation]
  2144 | D:3      | Gained mutation: You sometimes lose your temper in combat.
                  | [potion of mutation]
  2144 | D:3      | Gained mutation: You have sharp fingernails. [potion of
                  | mutation]
  2422 | D:3      | Got the Elucidation of Experimentation
  2442 | D:3      | Found Panykeec's Antique Weapon Shoppe.
  2648 | D:3      | Found a hide-covered altar of Uskayaw.
  2706 | D:3      | Bought a scroll of identify for 20 gold pieces
  2706 | D:3      | Bought a scroll of identify for 20 gold pieces
  2706 | D:3      | Bought a scroll of poison for 40 gold pieces
  2706 | D:3      | Bought a scroll of identify for 20 gold pieces
  2706 | D:3      | Bought a scroll of noise for 10 gold pieces
  2714 | D:3      | Identified a scroll of acquirement
  2716 | D:3      | Acquired the +9 war axe of Indomitability {vamp, rC++ rCorr
                  | Dex-4}
  2825 | D:4      | Reached skill level 5 in Armour
  2867 | D:4      | Noticed Natasha
  2869 | D:4      | Killed Natasha
  2879 | D:4      | Noticed Natasha
  2885 | D:4      | Killed Natasha
  2944 | D:4      | Noticed Natasha
  2950 | D:4      | Killed Natasha
  2962 | D:4      | Found a hazy altar of Hepliaklqana.
  2971 | D:4      | Reached skill level 1 in Axes
  2978 | D:4      | Reached skill level 2 in Axes
  2990 | D:4      | Became a worshipper of Hepliaklqana the Forgotten
  3086 | D:5      | Reached skill level 1 in Dodging
  3086 | D:5      | Reached XP level 7. HP: 58/60 MP: 7/7
  3174 | D:5      | Found an ornate altar of the Wu Jian Council.
  3388 | D:5      | Reached skill level 3 in Axes
  3408 | D:5      | Identified the +5 lajatang of a Gauntlet {spect, rF- rC-
                  | Int+3 Dex+7}
  3429 | D:5      | Reached skill level 4 in Axes
  3501 | D:5      | Reached skill level 5 in Axes
  3534 | D:5      | Reached XP level 8. HP: 67/67 MP: 8/8
  3536 | D:5      | Found a staircase to the Ecumenical Temple.
  3818 | D:6      | Reached skill level 6 in Axes
  4274 | D:6      | Reached skill level 7 in Axes
  4275 | D:6      | Reached * piety under Hepliaklqana
  4317 | D:6      | Found a broken altar of Ashenzari.
  4322 | D:6      | Saw a vision of the Swamp and the Spider Nest.
  4322 | D:6      | Noticed a demonic crawler
  4322 | D:6      | Noticed a pharaoh ant
  4322 | D:6      | Noticed a ghost moth
  4322 | D:6      | Noticed a culicivora
  4322 | D:6      | Noticed a steelbarb worm
  4322 | D:6      | Noticed a culicivora
  4322 | D:6      | Noticed a ghost crab
  4322 | D:6      | Noticed a bog body
  4322 | D:6      | Noticed a bog body
  4322 | D:6      | Noticed a goliath frog
  4322 | D:6      | Noticed a tyrant leech
  4323 | D:6      | Noticed a tarantella
  4323 | D:6      | Noticed a spriggan rider
  4324 | D:6      | Noticed a wolf spider
  4324 | D:6      | Noticed a culicivora
  4324 | D:6      | Noticed a goliath frog
  4327 | D:6      | Noticed an eleionoma
  4632 | D:7      | Reached skill level 5 in Fighting
  4632 | D:7      | Reached skill level 8 in Axes
  4938 | D:7      | Reached skill level 9 in Axes
  4938 | D:7      | Reached skill level 5 in Shields
  4938 | D:7      | Reached XP level 9. HP: 66/66 MP: 9/9
  5357 | D:8      | Reached skill level 10 in Axes
  5417 | D:8      | Found a runed translucent door.
  5624 | D:8      | Reached ** piety under Hepliaklqana
  5625 | D:8      | Remembered your ancestor Hamal as a battlemage
  5647 | D:8      | Found a white marble altar of Elyvilon.
  5707 | D:8      | Reached skill level 1 in Throwing
  5900 | D:8      | Reached skill level 11 in Axes
  6183 | D:8      | Found a shimmering altar of Xom.
  6183 | D:8      | Noticed wormstring's ghost (novice OpSh)
  6183 | D:8      | Noticed a +0 rapier of chaos
  6192 | D:8      | Killed a +0 rapier of chaos
  6193 | D:8      | Reached skill level 1 in Stealth
  6193 | D:8      | Reached XP level 10. HP: 54/75 MP: 10/10
  6201 | D:8      | Killed wormstring's ghost
  6202 | D:8      | Reached skill level 12 in Axes
  6345 | D:9      | Noticed a two-headed ogre
  6351 | D:9      | Killed a two-headed ogre
  6623 | D:9      | Found a shimmering altar of Xom.
  6733 | D:9      | Found a sacrificial altar of Ru.
  6813 | D:9      | Noticed a boulder beetle
  6829 | D:9      | Killed a boulder beetle
  6830 | D:9      | Reached skill level 13 in Axes
  6953 | D:9      | Reached *** piety under Hepliaklqana
  7117 | D:9      | Found a shimmering altar of Xom.
  7128 | D:10     | Entered Level 10 of the Dungeon
  7278 | D:10     | Reached XP level 11. HP: 75/84 MP: 11/11
  7284 | D:10     | Reached skill level 14 in Axes
  7371 | D:10     | Noticed a death yak
  7371 | D:10     | Noticed a death yak
  7371 | D:10     | Noticed a death yak
  7371 | D:10     | Noticed a death yak
  7371 | D:10     | Noticed a death yak
  7374 | D:10     | Noticed a death yak
  7379 | D:10     | Noticed a death yak
  7383 | D:10     | Killed a death yak
  7387 | D:10     | Killed a death yak
  7388 | D:10     | Killed a death yak
  7388 | D:10     | Killed a death yak
  7390 | D:10     | Killed a death yak
  7391 | D:10     | Reached skill level 15 in Axes
  7391 | D:10     | Found a staircase to the Lair.
  7398 | D:10     | Killed a death yak
  7400 | D:10     | Killed a death yak
  7554 | D:10     | Found an ancient bone altar of Kikubaaqudgha.
  7812 | D:10     | Reached skill level 16 in Axes
  7812 | D:10     | Reached XP level 12. HP: 95/95 MP: 12/12
  8010 | Lair:1   | Entered Level 1 of the Lair of Beasts
  8010 | Lair:1   | Reached **** piety under Hepliaklqana
  8068 | Lair:1   | Reached skill level 10 in Fighting
  8078 | Lair:1   | Found a hide-covered altar of Uskayaw.
  8335 | Lair:1   | Found a gate leading to a gauntlet.
  8862 | D:11     | Found a roughly hewn altar of Beogh.
  8863 | D:11     | Reached skill level 17 in Axes
  9145 | D:11     | Noticed a two-headed ogre
  9152 | D:11     | Killed a two-headed ogre
  9189 | D:11     | Found a staircase to the Orcish Mines.
  9339 | D:11     | Noticed a two-headed ogre
  9347 | D:11     | Killed a two-headed ogre
  9695 | D:12     | Reached skill level 1 in Evocations
  9726 | D:12     | Reached skill level 10 in Armour
  9757 | D:12     | Noticed Snorg
  9772 | D:12     | Killed Snorg
  9773 | D:12     | Reached XP level 13. HP: 78/105 MP: 6/13
  9915 | D:12     | Reached ***** piety under Hepliaklqana
 10450 | D:13     | Noticed Sonja
 10461 | D:13     | HP: 5/105 [very large slime creature (52)]
 10597 | D:13     | Killed Sonja
 10789 | D:13     | Reached skill level 10 in Shields
 10880 | D:13     | Reached skill level 1 in Invocations
 10897 | D:13     | Killed a vault guard
 11037 | D:13     | Learned a level 1 spell: Apportation
 11312 | D:13     | Noticed a vault guard
 11313 | D:13     | Noticed a vault guard
 11317 | D:13     | Killed a vault guard
 11329 | D:13     | Killed a vault guard
 11330 | D:13     | Reached skill level 1 in Translocations
 11333 | D:13     | Reached skill level 1 in Spellcasting
 11382 | D:13     | Found a gate to the Vaults.
 11714 | D:14     | Found Lusunos's Weapon Shoppe.
 11742 | D:14     | Noticed Nanner's ghost (weakling FoFi)
 11743 | D:14     | Found a transporter.
 11751 | D:14     | Noticed a stone giant
 11871 | D:14     | Reached skill level 18 in Axes
 11873 | D:14     | Reached XP level 14. HP: 116/116 MP: 16/16
 11952 | D:14     | Found Otiax's Antique Weapon Shoppe.
 11953 | D:14     | Upgraded the game from 0.31-a0-460-g9e667d4245 to
                  | 0.31-a0-486-g8d68a81214
 12150 | D:14     | Identified the +5 mace of Wen Ome {freeze, Will- Int+7}
 12275 | D:14     | Found a transporter.
 12275 | D:14     | Noticed an azure jelly
 12275 | D:14     | an azure jelly changed into a stone giant
 12275 | D:14     | Noticed a stone giant (shapeshifter)
 12275 | D:14     | Noticed a tengu reaver
 12277 | D:14     | Identified the +5 ring mail of Relativism {Regen+ Str+3
                  | Slay-6}
 12391 | D:14     | Found a radiant altar of Vehumet.
 12526 | D:14     | Identified the +4 falchion of Honour {freeze, Str+4}
 12624 | D:15     | Entered Level 15 of the Dungeon
 12642 | D:15     | Identified the +2 pair of boots of the Journeyman {rN+
                  | Dex+2}
 12844 | D:15     | Noticed Louise
 12853 | Abyss:2  | Cast into level 2 of the Abyss (Louise)
 12885 | Abyss:2  | Noticed a starcursed mass
 13089 | Abyss:2  | Noticed a starcursed mass
 13262 | Abyss:3  | Noticed a starcursed mass
 13267 | Abyss:3  | Reached skill level 5 in Dodging
 13433 | Abyss:3  | Noticed a starcursed mass
 13440 | Abyss:3  | Killed a starcursed mass
 13557 | Abyss:3  | Noticed an Executioner
 13561 | Abyss:3  | Noticed a tentacled starspawn
 13567 | Abyss:3  | Slain by an Executioner

Illustrated notes

Levels and vault maps discovered:
D:1:      tarquinn_simple_flora_water_e, layout_basic, minmay_pentomino_z4
D:2:      layout_loops_cross, basic_altar, ebering_ecumenical_altar_mist
D:3:      kb_forest_paths, layout_rooms, nicolae_overflow_ecumenical_swirl,
          general_overflow_altar, okawaru_gym_becter, serial_shops, shop,
          nicolae_shop_overgrown_old_shop
D:4:      layout_rooms, lemuel_round_altar, glass_columns_a,
          minmay_tree_intersection, uniq_natasha, uniq_ijyb
D:5:      layout_loops_ring, kennysheep_little_box,
          minmay_temple_entry_butterflies, hangedman_decor_diamond_cutter
D:6:      layout_loops_ring, grunt_ashenzari_visionary
          [grunt_ashenzari_visionary_swamp, grunt_ashenzari_visionary_spider],
          corner_web_ring, minivault_25
D:7:      layout_loops_ring, grunt_ministairs_9
D:8:      layout_loops_corners, mainiacjoe_overflow_alcove_2, ebering_ghost_xom,
          kennysheep_generic_room_8
D:9:      layout_loops_corners, mainiacjoe_overflow_tiny_flanked,
          nicolae_ru_the_path_less_chosen
D:10:     layout_irregular_city, tgw_kikubaaqudgha, dpeg_lair_monsters,
          grunt_ministairs_9
D:11:     layout_long_grid, david_orc_2, special_room [special_room_orc],
          kennysheep_generic_room_13
D:12:     layout_loops_cross, minmay_misc_feat_chi, nzn_life_drinkers,
          uniq_snorg
D:13:     layout_basic, ximxim_vaults_locker_room, minivault_15, uniq_sonja
D:14:     layout_stronghold, serial_shops, shop, nicolae_shop_dealshenge,
          gammafunk_ghost_arena, fiery_altar_vehumet
D:15:     hangedman_depths_entry_civil_slaughter, layout_gridville,
          hangedman_decor_points, uniq_louise
Lair:1:   wad_woods_stonehenge, layout_big_grid, gauntlet_entry_generic
Abyss:3:  base: D:14, hangedman_stitches_earthworm

Skill      XL: |  1  2  3  4  5  6  7  8  9 10 11 12 13 14 |
---------------+-------------------------------------------+-----
Maces & Flails | 3 4 |  4.8
Fighting       | 4 5 6 7 9 11 13 14 | 14.1
Armour         | 4 5 6 7 8 10 11 | 11.3
Shields        | 4 5 6 7 9 10 11 | 11.6
Short Blades   | 1 2 |  2.0
Axes           | 2 5 9 11 13 16 17 18 | 18.4
Dodging        | 1 2 3 4 5 |  5.2
Throwing       | 2 3 |  3.4
Stealth        | 1 2 3 |  3.5
Evocations     | 1 2 |  2.7
Invocations    | 1 |  1.4
Translocations | 1 |  1.4
Spellcasting   | 1 |  1.6

Action                     |  1- 3 |  4- 6 |  7- 9 | 10-12 | 13-15 || total
---------------------------+-------+-------+-------+-------+-------++-------
  Melee: Flail             |   113 |    34 |       |       |       ||   147
         Short sword       |       |   137 |       |       |       ||   137
         War axe           |       |    26 |   174 |   261 |   324 ||   785
         Mace              |       |       |       |       |    70 ||    70
  Throw: Dart              |       |       |    15 |     3 |    13 ||    31
   Cast: Apportation       |       |       |       |       |     2 ||     2
 Invoke: Ancestor Identity |       |       |     1 |       |       ||     1
         Ancestor Life: Ba |       |       |     1 |       |       ||     1
         Idealise          |       |       |       |       |     2 ||     2
         Recall Ancestor   |       |       |       |       |     2 ||     2
  Evoke: Wand              |       |       |       |     3 |    31 ||    34
    Use: Scroll            |       |    14 |    10 |     1 |    11 ||    36
         Potion            |       |     1 |       |     1 |    11 ||    13
   Stab: Distracted        |       |       |       |     4 |     6 ||    10
 Armour: Scale mail        |    67 |    99 |    92 |    91 |   211 ||   560
  Dodge: Dodged            |    60 |   101 |    90 |    93 |   163 ||   507
  Block: Buckler           |    25 |    49 |    65 |    52 |       ||   191
         Kite shield       |       |       |       |    84 |   259 ||   343
   Form: Blade             |       |       |       |       |     1 ||     1

Table legend: (Time is in decaauts)
 A = Elapsed time spent in this place.
 B = Non-inter-level travel time spent in this place.
 C = Inter-level travel time spent in this place.
 D = Time resting spent in this place.
 E = Time spent auto-exploring this place.
 F = Levels seen in this place.
 G = Mean time per level.
                   A        B        C        D        E       F      G
               +--------+--------+--------+--------+--------+-----+--------+
         Total |  13749 |  13036 |    713 |   1096 |   9019 |  18 |  763.8 |
       Dungeon |  12328 |  11615 |    713 |    875 |   8394 |  15 |  821.9 |
          Lair |    683 |    683 |      0 |      0 |    481 |   1 |  683.0 |
         Abyss |    737 |    737 |      0 |    220 |    143 |   2 |  368.5 |
               +--------+--------+--------+--------+--------+-----+--------+

Top non-repeatable levels by time:
    D:14: 1176 daAuts
     D:8: 1022 daAuts
    D:12: 966 daAuts
    D:11: 947 daAuts
    D:10: 927 daAuts
     D:2: 880 daAuts
     D:6: 877 daAuts
    D:13: 815 daAuts
     D:9: 811 daAuts
     D:1: 787 daAuts
     D:5: 778 daAuts
     D:3: 727 daAuts
     D:7: 717 daAuts
  Lair:1: 683 daAuts
     D:4: 670 daAuts
